3AA
BELVEDERE PARK RAWHIDES @ LONG ISLAND SEAWOLVES
08/25/2029
 
TOP OF THE 1ST
Belvedere Park Rawhides batting - Pitching for Long Island Seawolves : RHP Daniel Lavalley
Pitching: RHP Daniel Lavalley
Batting: RHB Kevin Johnson 0-0: Called Strike
0-1: Called Strike
0-2: Fly out, F9 (Flyball, 9LS)
Batting: SHB Ángel Costa 0-0: Called Strike
0-1: Fly out, F7 (Flyball, 7)
Batting: RHB Jaime Cruz 0-0: Called Strike
0-1: SINGLE (Flyball, 89S)
Batting: RHB Juan Chávez 0-0: Called Strike
Jaime Cruz steals 2nd base
0-1: Fly out, F7 (Line Drive, 7)
Top of the 1st over - 0 runs, 1 hit, 0 errors, 1 left on base; Belvedere Park 0 - Long Island 0
BOTTOM OF THE 1ST
Long Island Seawolves batting - Pitching for Belvedere Park Rawhides : LHP Andrew Holloway
Pitching: LHP Andrew Holloway
Batting: RHB Abad Lugo 0-0: Ball
1-0: SOLO HOME RUN (Flyball, 78XD), Distance : 382 ft
Batting: RHB Alfredo Escalante 0-0: Ball
1-0: Ball
2-0: Foul Ball, location: 2F
2-1: Foul Ball, location: 2F
2-2: Foul Ball, location: 2F
2-2: Foul Ball, location: 2F
2-2: Foul Ball, location: 2F
2-2: Ground out 6-3 (Groundball, 6M)
Batting: LHB Jackson Curry 0-0: Ball
1-0: Ball
2-0: Ball
3-0: Called Strike
3-1: Base on Balls
Batting: SHB Alfredo Sánchez 0-0: Ball
1-0: Fly out, F9 (Line Drive, 89S)
Batting: RHB Mark Shoffner 0-0: Ball
Jackson Curry steals 2nd base
1-0: Foul Ball, location: 2F
1-1: Foul Ball, location: 2F
1-2: Ball
2-2: Ball
3-2: Foul Ball, location: 2F
3-2: Fly out, F6 (Popup, 56D)
Bottom of the 1st over - 1 run, 1 hit, 0 errors, 1 left on base; Belvedere Park 0 - Long Island 1
TOP OF THE 2ND
Belvedere Park Rawhides batting - Pitching for Long Island Seawolves : RHP Daniel Lavalley
Batting: RHB Jorge Alcantar 0-0: Ball
1-0: Called Strike
1-1: Called Strike
1-2: Ball
2-2: Fly out, F6 (Popup, 6M)
Batting: RHB Ken Burton 0-0: Called Strike
0-1: Ball
1-1: Ball
2-1: Ball
3-1: SINGLE (Line Drive, 7S)
Batting: RHB David Martínez 0-0: Called Strike
Ken Burton steals 2nd base
0-1: Foul Ball, location: 2F
0-2: Ball
1-2: Ball
2-2: Strikes out swinging
Batting: RHB Harry Gibson 0-0: Ball
1-0: Called Strike
1-1: Ground out 6-3 (Groundball, 6S)
Top of the 2nd over - 0 runs, 1 hit, 0 errors, 1 left on base; Belvedere Park 0 - Long Island 1
BOTTOM OF THE 2ND
Long Island Seawolves batting - Pitching for Belvedere Park Rawhides : LHP Andrew Holloway
Batting: RHB David Elías 0-0: Ball
1-0: Ball
2-0: Ground out 5-3 (Groundball, 56)
Batting: RHB Dale Quick 0-0: Ball
1-0: Ground out 5-3 (Groundball, 56)
Batting: SHB Josh Sanders 0-0: Ball
1-0: Ball
2-0: Fly out, F9 (Flyball, 9LM)
Bottom of the 2nd over - 0 runs, 0 hits, 0 errors, 0 left on base; Belvedere Park 0 - Long Island 1
TOP OF THE 3RD
Belvedere Park Rawhides batting - Pitching for Long Island Seawolves : RHP Daniel Lavalley
Batting: SHB Francisco Enríquez 0-0: Called Strike
0-1: Swinging Strike
0-2: Fly out, F8 (Flyball, 8LD)
Batting: RHB Kevin Johnson 0-0: Ground out 5-3 (Groundball, 56S)
Batting: SHB Ángel Costa 0-0: Ground out U3 (Groundball, 34)
Top of the 3rd over - 0 runs, 0 hits, 0 errors, 0 left on base; Belvedere Park 0 - Long Island 1
BOTTOM OF THE 3RD
Long Island Seawolves batting - Pitching for Belvedere Park Rawhides : LHP Andrew Holloway
Now at 2B: José Luque
Batting: RHB José Orihvela 0-0: Foul Ball, location: 2F
0-1: Foul Ball, location: 2F
0-2: Ground out 4-3 (Groundball, 34)
Batting: RHB Abad Lugo 0-0: Foul Ball, location: 2F
0-1: Swinging Strike
0-2: Ball
1-2: Foul Ball, location: 2F
1-2: Ground out 5-3 (Groundball, 56)
Batting: RHB Alfredo Escalante 0-0: Swinging Strike
0-1: Ball
1-1: Ball
2-1: Ball
3-1: Base on Balls
Batting: LHB Jackson Curry 0-0: Ball
1-0: Foul Ball, location: 2F
1-1: Called Strike
1-2: Ball
Alfredo Escalante is caught stealing 2nd base
Bottom of the 3rd over - 0 runs, 0 hits, 0 errors, 0 left on base; Belvedere Park 0 - Long Island 1
TOP OF THE 4TH
Belvedere Park Rawhides batting - Pitching for Long Island Seawolves : RHP Daniel Lavalley
Batting: RHB Jaime Cruz 0-0: Called Strike
0-1: Fly out, F8 (Flyball, 89D)
Batting: RHB Juan Chávez 0-0: Ball
1-0: Foul Ball, location: 2F
1-1: Foul Ball, location: 2F
1-2: Foul Ball, location: 2F
1-2: Ball
2-2: Ground out 4-3 (Groundball, 4)
Batting: RHB Jorge Alcantar 0-0: Ball
1-0: Ball
2-0: Called Strike
2-1: Swinging Strike
2-2: SINGLE (Groundball, 25) (infield hit)
Batting: RHB Ken Burton 0-0: Ball
Jorge Alcantar steals 2nd base
1-0: Foul Ball, location: 2F
1-1: Ball
2-1: Foul Ball, location: 2F
2-2: Ground out 6-3 (Groundball, 56)
Top of the 4th over - 0 runs, 1 hit, 0 errors, 1 left on base; Belvedere Park 0 - Long Island 1
BOTTOM OF THE 4TH
Long Island Seawolves batting - Pitching for Belvedere Park Rawhides : LHP Andrew Holloway
Batting: LHB Jackson Curry 0-0: Ball
1-0: Ball
2-0: Foul Ball, location: 2F
2-1: Swinging Strike
2-2: Strikes out swinging, 2-3 out at first.
Batting: SHB Alfredo Sánchez 0-0: Ball
1-0: SINGLE (Groundball, 4MD)
Batting: RHB Mark Shoffner 0-0: Ball
1-0: Foul Ball, location: 2F
1-1: Ball
2-1: Foul Ball, location: 2F
2-2: Ball
3-2: Grounds into double play, 6-4-3 (Groundball, 6)
Bottom of the 4th over - 0 runs, 1 hit, 0 errors, 0 left on base; Belvedere Park 0 - Long Island 1
TOP OF THE 5TH
Belvedere Park Rawhides batting - Pitching for Long Island Seawolves : RHP Daniel Lavalley
Batting: RHB David Martínez 0-0: SINGLE (Flyball, 7S)
Batting: RHB José Luque 0-0: Fielders Choice at 2nd, 5-4 (Groundball, 5L)
Batting: SHB Francisco Enríquez 0-0: Ball
1-0: Ball
2-0: Swinging Strike
2-1: Ball
3-1: Swinging Strike
3-2: Foul Ball, location: 2F
3-2: Strikes out swinging
Batting: RHB Kevin Johnson 0-0: Ball
1-0: Ball
José Luque is caught stealing 2nd base
Top of the 5th over - 0 runs, 1 hit, 0 errors, 0 left on base; Belvedere Park 0 - Long Island 1
BOTTOM OF THE 5TH
Long Island Seawolves batting - Pitching for Belvedere Park Rawhides : LHP Andrew Holloway
Batting: RHB David Elías 0-0: Ball
1-0: Ball
2-0: Foul Ball, location: 2F
2-1: Foul Ball, location: 2F
2-2: Strikes out swinging
Batting: RHB Dale Quick 0-0: Ball
1-0: Ball
2-0: Foul Ball, location: 2F
2-1: Ground out 4-3 (Groundball, 6M)
Batting: SHB Josh Sanders 0-0: Hit by Pitch
Batting: RHB José Orihvela 0-0: Ball
Josh Sanders is caught stealing 2nd base
Bottom of the 5th over - 0 runs, 0 hits, 0 errors, 0 left on base; Belvedere Park 0 - Long Island 1
TOP OF THE 6TH
Belvedere Park Rawhides batting - Pitching for Long Island Seawolves : RHP Daniel Lavalley
Batting: RHB Kevin Johnson 0-0: Ball
1-0: Ball
2-0: Called Strike
2-1: Called Strike
2-2: Ball
3-2: Base on Balls
Batting: SHB Ángel Costa 0-0: Ball
1-0: Ball
2-0: Sac Bunt - play at first, batter OUT! 3-4
Kevin Johnson to second
Batting: RHB Jaime Cruz 0-0: Ball
1-0: Ball
2-0: Foul Ball, location: 2F
2-1: Reached on error, E3 (Groundball, 3L)
Kevin Johnson to third
Batting: RHB Juan Chávez 0-0: Called Strike
0-1: Ball
1-1: Ball
Jaime Cruz is caught stealing 2nd base
2-1: Ball
3-1: Foul Ball, location: 2F
3-2: Ground out 4-3 (Groundball, 4)
Top of the 6th over - 0 runs, 0 hits, 1 error, 1 left on base; Belvedere Park 0 - Long Island 1
BOTTOM OF THE 6TH
Long Island Seawolves batting - Pitching for Belvedere Park Rawhides : LHP Andrew Holloway
Batting: RHB José Orihvela 0-0: Ball
1-0: Fly out, F8 (Flyball, 8RD)
Batting: RHB Abad Lugo 0-0: Ball
1-0: Called Strike
1-1: Fly out, F4 (Popup, 34S)
Batting: RHB Alfredo Escalante 0-0: Ball
1-0: Ball
2-0: Ball
3-0: Called Strike
3-1: Foul Ball, location: 2F
3-2: Ground out 6-3 (Groundball, 6)
Bottom of the 6th over - 0 runs, 0 hits, 0 errors, 0 left on base; Belvedere Park 0 - Long Island 1
TOP OF THE 7TH
Belvedere Park Rawhides batting - Pitching for Long Island Seawolves : RHP Daniel Lavalley
Batting: RHB Jorge Alcantar 0-0: Called Strike
0-1: SINGLE (Popup, 4MS)
Batting: RHB Ken Burton 0-0: Ball
1-0: Bunted foul
1-1: Ball
2-1: Ball
3-1: Bunted foul
3-2: Fly out, F8 (Line Drive, 8RD)
Batting: RHB David Martínez 0-0: Ball
Jorge Alcantar steals 2nd base
1-0: Called Strike
1-1: Fly out, F9 (Flyball, 9LS)
Pinch Hitting: LHB António Serrano 0-0: Ball
1-0: Ball
2-0: Ball
3-0: Called Strike
3-1: Base on Balls
Pinch Hitting: SHB Manuel González 0-0: Ball
1-0: Ball
Wild Pitch!
Jorge Alcantar to third
António Serrano to second
2-0: Called Strike
2-1: Ball
3-1: Base on Balls
Batting: RHB Kevin Johnson 0-0: Foul Ball, location: 2F
0-1: Foul Ball, location: 2F
0-2: Ball
1-2: Ball
2-2: Fly out, F9 (Line Drive, 9)
Top of the 7th over - 0 runs, 1 hit, 0 errors, 3 left on base; Belvedere Park 0 - Long Island 1
BOTTOM OF THE 7TH
Long Island Seawolves batting - Pitching for Belvedere Park Rawhides : LHP Andrew Holloway
Now at 3B: Manuel González
Now in RF: António Serrano
Batting: LHB Jackson Curry 0-0: Called Strike
0-1: SINGLE (Groundball, 4) (infield hit)
Batting: SHB Alfredo Sánchez 0-0: Called Strike
0-1: Ball
1-1: Fly out, F7 (Flyball, 7D)
Runner from 1st tags up, SAFE at 2nd
Batting: RHB Mark Shoffner 0-0: Called Strike
0-1: Swinging Strike
0-2: Ball
1-2: Fly out, F8 (Flyball, 8RM)
Pitching: RHP Aaron Chapman
Batting: RHB David Elías 0-0: Called Strike
0-1: Ball
1-1: Ball
2-1: Ball
3-1: Base on Balls
Pinch Hitting: LHB Pedro Colón 0-0: Called Strike
0-1: Ball
1-1: Ground out U3 (Groundball, 3L)
Bottom of the 7th over - 0 runs, 1 hit, 0 errors, 2 left on base; Belvedere Park 0 - Long Island 1
TOP OF THE 8TH
Belvedere Park Rawhides batting - Pitching for Long Island Seawolves : RHP Daniel Lavalley
Now in CF: Emanuel Bree
Batting: SHB Ángel Costa 0-0: Ground out 4-3 (Groundball, 4)
Batting: RHB Jaime Cruz 0-0: Foul Ball, location: 2F
0-1: Swinging Strike
0-2: Ball
1-2: Foul Ball, location: 2F
1-2: Ground out 2-3 (Groundball, 15S)
Batting: RHB Juan Chávez 0-0: Ball
1-0: Foul Ball, location: 2F
1-1: Foul Ball, location: 2F
1-2: Ball
2-2: Ball
3-2: Ground out 5-3 (Groundball, 25)
Top of the 8th over - 0 runs, 0 hits, 0 errors, 0 left on base; Belvedere Park 0 - Long Island 1
BOTTOM OF THE 8TH
Long Island Seawolves batting - Pitching for Belvedere Park Rawhides : RHP Aaron Chapman
Batting: SHB Josh Sanders 0-0: Called Strike
0-1: Called Strike
0-2: Strikes out looking
Batting: RHB José Orihvela 0-0: Swinging Strike
0-1: Ball
1-1: Swinging Strike
1-2: Strikes out looking
Batting: RHB Abad Lugo 0-0: Ball
1-0: Ball
2-0: Ball
3-0: Base on Balls
Batting: RHB Alfredo Escalante 0-0: Ball
1-0: Called Strike
Abad Lugo steals 2nd base
1-1: Ball
2-1: Swinging Strike
2-2: Foul Ball, location: 2F
2-2: Foul Ball, location: 2F
2-2: Foul Ball, location: 2F
2-2: Ground out 6-3 (Groundball, 6S)
Bottom of the 8th over - 0 runs, 0 hits, 0 errors, 1 left on base; Belvedere Park 0 - Long Island 1
TOP OF THE 9TH
Belvedere Park Rawhides batting - Pitching for Long Island Seawolves : RHP Daniel Lavalley
Pitching: RHP Vinny Mariani
Batting: RHB Jorge Alcantar 0-0: Called Strike
0-1: Fly out, F9 (Flyball, 9LM)
Batting: RHB Ken Burton 0-0: Foul Ball, location: 2F
0-1: Swinging Strike
0-2: Ball
1-2: Strikes out swinging
Batting: RHB David Martínez 0-0: Called Strike
0-1: Ball
1-1: Foul Ball, location: 2F
1-2: Ball
2-2: Foul Ball, location: 2F
2-2: Ground out 6-3 (Groundball, 6)
Top of the 9th over - 0 runs, 0 hits, 0 errors, 0 left on base; Belvedere Park 0 - Long Island 1
Tuesday, December 19th, 2017 - OOTP Baseball 18.8 Build 76